 Dungeon Crawl Stone Soup version 0.27-a0-1202-ge72e49191c (webtiles) character file.

Game seed: 14616149113055937274

614 Glokmah the Vexing (level 7, -3/52 HPs)
             Began as a Gnoll Arcane Marksman on June 4, 2021.
             Slain by an ogre
             ... wielding a +0 giant spiked club
              (25 damage)
             ... on level 4 of the Dungeon.
             The game lasted 00:08:32 (4317 turns).

Glokmah the Vexing (Gnoll Arcane Marksman)          Turns: 4317, Time: 00:08:33

Health: -3/52      AC:  4    Str:  9    XL:     7   Next: 44%
Magic:  12/12      EV: 14    Int: 12    God:
Gold:   117        SH:  0    Dex: 15    Spells: 7/13 levels left

rFire    . . .     SeeInvis .   b - +5 club (spect)
rCold    . . .     Faith    .   (no shield)
rNeg     + . .     Spirit   .   n - +2 robe {rN+}
rPois    .         Reflect  .   (no helmet)
rElec    .         Harm     .   (no cloak)
rCorr    .         Rampage  .   (no gloves)
Will     .....                  (no boots)
Stlth    ++........             (no amulet)
HPRegen  0.17/turn              (no ring)
MPRegen  0.13/turn              (no ring)

@: no status effects
A: fangs 1, strong nose, distributed training
a: no special abilities


You were on level 4 of the Dungeon.
You visited 1 branch of the dungeon, and saw 4 of its levels.

You collected 191 gold pieces.
You spent 74 gold pieces at shops.

Inventory:

Hand Weapons
 a - a +0 hand crossbow
 b - a +5 spectral club (weapon)
 l - a +0 falchion
Missiles
 d - 37 bolts
 h - 11 poisoned darts (quivered)
Armour
 n - a +2 robe of positive energy (worn)
Jewellery
 o - a ring of ice
Scrolls
 g - a scroll of identify
 m - a scroll of noise
Potions
 c - a potion of degeneration {unknown}
 e - a potion of flight
 f - a potion of magic
 i - a potion of invisibility {unknown}
 j - 3 potions of curing
 k - a potion of resistance {unknown}


   Skills:
 + Level 3.6 Fighting
 + Level 2.5 Short Blades
 + Level 2.5 Long Blades
 + Level 2.5 Axes
 + Level 2.5 Maces & Flails
 + Level 2.5 Polearms
 + Level 2.5 Staves
 + Level 2.5 Slings
 + Level 2.5 Bows
 + Level 5.2 Crossbows
 + Level 2.5 Throwing
 + Level 2.5 Armour
 + Level 5.2 Dodging
 + Level 2.5 Stealth
 + Level 2.5 Shields
 + Level 2.5 Unarmed Combat
 + Level 3.8 Spellcasting
 + Level 2.0 Conjurations
 + Level 5.8 Hexes
 + Level 2.0 Summonings
 + Level 2.0 Necromancy
 + Level 2.0 Translocations
 + Level 2.0 Transmutations
 + Level 2.0 Fire Magic
 + Level 2.0 Ice Magic
 + Level 2.0 Air Magic
 + Level 2.0 Earth Magic
 + Level 2.0 Poison Magic
 + Level 2.7 Invocations
 + Level 2.5 Evocations


You had 7 spell levels left.
You knew the following spells:

 Your Spells              Type           Power      Damage    Failure   Level
a - Corona                Hex            17%        N/A       1%          1
b - Slow                  Hex            16%        N/A       3%          2
c - Inner Flame           Hex/Fire       11%        N/A       14%         3

Your spell library contained the following spells:

 Spells                   Type           Power      Damage    Failure   Level
 Portal Projectile        Hex/Tloc       22%        N/A       14%         3
 Cause Fear               Hex            8%         N/A       21%         4
 Leda's Liquefaction      Hex/Erth       5%         N/A       41%         4


Dungeon Overview and Level Annotations

Branches:
Dungeon (4/15)
 Temple: D:4-7

Altars:

Shops:
D:3 [   D:4 (


Innate Abilities, Weirdness & Mutations

You have very sharp teeth.
Your uncanny sense of smell can sniff out nearby items.
Your experience applies equally to all skills.


Message History

You hit the adder.
The adder is moderately wounded.
Your spectral weapon hits the adder!
You kill the adder!
You see here an adder corpse.
You see here an adder corpse.
Found a stone staircase leading down.
A scorpion comes into view.
The scorpion moves out of view.
g - a scroll of identify A scorpion is nearby!
An ogre comes into view. It is wielding a +0 giant spiked club.
The ogre shouts!
You closely miss the scorpion.
Your spectral weapon barely misses the scorpion.
The scorpion stings you but does no damage.
The scorpion closely misses you.
You hit the scorpion.
The scorpion is lightly wounded.
Your spectral weapon hits the scorpion!
The scorpion closely misses you. The ogre misses you.
You hit the scorpion.
The scorpion is severely wounded.
Your spectral weapon hits the scorpion.
The scorpion barely misses your spectral weapon.
The scorpion stings your spectral weapon.
Your spectral weapon shares its damage with you!
The ogre hits you with a +0 giant spiked club!!
You barely miss the scorpion. Your bite misses the scorpion.
The scorpion is severely wounded.
Your spectral weapon hits the scorpion.
The scorpion closely misses you.
You hit the scorpion.
You bite the scorpion, but do no damage.
The scorpion is almost dead.
Your spectral weapon closely misses the scorpion.
The ogre misses you. The scorpion stings you. The scorpion closely misses you.
You hit the scorpion.
You kill the scorpion!
The ogre hits you with a +0 giant spiked club!!
You die...

#.# # ########.#
#..........#
##.########†############
................#......
#..#####.####........ #
#........# #........
#.#.#...#########...#.###
>.......@................
.##.#..O.........#.##....
.. #.§..#######.......8.
.# #..§... #.#.#.....
.......... .........#
............. .........
##.#.#.####### .#.....8.
..#.... #....... ## ###.#
.###.##.#


You could see an ogre.

Vanquished Creatures
  The ghost of losten the Caller, an amateur DsSu (D:4)
  An ice beast (D:3)
  An ogre (D:4)
  The ghost of Nacht the Magician, an amateur DjFE (D:3)
  A scorpion (D:4)
  A howler monkey (D:4)
  A jelly (D:3)
  Jessica (D:2)
  An iguana (D:3)
  Terence (D:2)
  5 adders
  3 worms
  A dart slug (D:2)
  8 endoplasms
  2 giant cockroaches
  12 goblins
  3 hobgoblins
  5 jackals (D:3)
  2 quokkas
  6 ball pythons
  4 bats
  A frilled lizard (D:1)
  5 kobolds
  4 rats
71 creatures vanquished.

Notes
Turn   | Place    | Note
-------+----------+-------------------------------------------
     0 | D:1      | Glokmah the Gnoll Arcane Marksman began the quest for the
                  | Orb.
     0 | D:1      | Reached XP level 1. HP: 17/17 MP: 4/4
   168 | D:1      | Reached XP level 2. HP: 14/23 MP: 5/5
   375 | D:1      | Found a faded altar of an unknown god.
   956 | D:1      | Learned a level 2 spell: Slow
  1641 | D:2      | Reached XP level 3. HP: 28/28 MP: 7/7
  1671 | D:2      | HP: 1/28 [worm (11)]
  2004 | D:2      | Reached skill level 1 in Invocations
  2014 | D:2      | Learned a level 3 spell: Inner Flame
  2204 | D:2      | Noticed Terence
  2217 | D:2      | Killed Terence
  2218 | D:2      | Reached skill level 1 in Short Blades
  2218 | D:2      | Reached skill level 1 in Long Blades
  2218 | D:2      | Reached skill level 1 in Axes
  2218 | D:2      | Reached skill level 1 in Maces & Flails
  2218 | D:2      | Reached skill level 1 in Polearms
  2218 | D:2      | Reached skill level 1 in Staves
  2218 | D:2      | Reached skill level 1 in Slings
  2218 | D:2      | Reached skill level 1 in Bows
  2218 | D:2      | Reached skill level 1 in Throwing
  2218 | D:2      | Reached skill level 1 in Armour
  2218 | D:2      | Reached skill level 1 in Stealth
  2218 | D:2      | Reached skill level 1 in Shields
  2218 | D:2      | Reached skill level 1 in Unarmed Combat
  2218 | D:2      | Reached skill level 1 in Evocations
  2218 | D:2      | Reached XP level 4. HP: 9/34 MP: 2/8
  2633 | D:2      | Noticed Jessica
  2646 | D:2      | Killed Jessica
  2647 | D:2      | Reached skill level 1 in Conjurations
  2647 | D:2      | Reached skill level 1 in Summonings
  2647 | D:2      | Reached skill level 1 in Necromancy
  2647 | D:2      | Reached skill level 1 in Translocations
  2647 | D:2      | Reached skill level 1 in Transmutations
  2647 | D:2      | Reached skill level 1 in Fire Magic
  2647 | D:2      | Reached skill level 1 in Ice Magic
  2647 | D:2      | Reached skill level 1 in Air Magic
  2647 | D:2      | Reached skill level 1 in Earth Magic
  2647 | D:2      | Reached skill level 1 in Poison Magic
  2923 | D:3      | Noticed Nacht's ghost (amateur DjFE)
  2924 | D:3      | Found a runed translucent gate.
  2924 | D:3      | Found a runed translucent gate.
  2924 | D:3      | Found a runed translucent gate.
  2959 | D:3      | Found Cicask's Antique Armour Emporium.
  3004 | D:3      | Bought an embroidered robe for 74 gold pieces
  3200 | D:3      | Noticed an ice beast
  3230 | D:3      | Killed an ice beast
  3231 | D:3      | Reached XP level 5. HP: 39/41 MP: 4/9
  3233 | D:3      | Reached XP level 6. HP: 46/47 MP: 5/11
  3686 | D:3      | Reached skill level 5 in Crossbows
  3686 | D:3      | Reached skill level 5 in Dodging
  3931 | D:3      | Killed Nacht's ghost
  3945 | D:4      | Found a runed translucent door.
  3945 | D:4      | Noticed losten's ghost (amateur DsSu)
  3990 | D:4      | Killed losten's ghost
  3991 | D:4      | Reached XP level 7. HP: 52/52 MP: 12/12
  4029 | D:4      | Found Neckug's Antique Weapon Emporium.
  4317 | D:4      | Slain by an ogre

Illustrated notes

Levels and vault maps discovered:
D:1:      dpeg_arrival_court, layout_rooms,
          hellmonk_ecumenical_altar_inner_sanctum
D:2:      layout_rooms, uniq_jessica, uniq_terence
D:3:      layout_loops_corners, serial_shops, shop, ebering_ghost_rock_garden,
          minmay_three_crescents
D:4:      minmay_chambers_of_threes, layout_basic,
          hellmonk_ghost_happy_afterlife, serial_shops, shop,
          minmay_misc_feat_four_crosses, kennysheep_cluttered_room, st_stairs_7,
          minmay_cut_off

Skill      XL: |  1  2  3  4  5  6  7 |
---------------+----------------------+-----
Invocations    | 1 2 |  2.7
Short Blades   | 1 2 |  2.5
Long Blades    | 1 2 |  2.5
Axes           | 1 2 |  2.5
Maces & Flails | 1 2 |  2.5
Polearms       | 1 2 |  2.5
Staves         | 1 2 |  2.5
Slings         | 1 2 |  2.5
Bows           | 1 2 |  2.5
Throwing       | 1 2 |  2.5
Armour         | 1 2 |  2.5
Stealth        | 1 2 |  2.5
Shields        | 1 2 |  2.5
Unarmed Combat | 1 2 |  2.5
Evocations     | 1 2 |  2.5
Spellcasting   | 3 |  3.8
Conjurations   | 1 2 |  2.0
Summonings     | 1 2 |  2.0
Necromancy     | 1 2 |  2.0
Translocations | 1 2 |  2.0
Transmutations | 1 2 |  2.0
Fire Magic     | 1 2 |  2.0
Ice Magic      | 1 2 |  2.0
Air Magic      | 1 2 |  2.0
Earth Magic    | 1 2 |  2.0
Poison Magic   | 1 2 |  2.0
Fighting       | 3 |  3.6
Crossbows      | 5 |  5.2
Dodging        | 5 |  5.2
Hexes          | |  5.8

Action                   |  1- 3 |  4- 6 |  7- 9 || total
-------------------------+-------+-------+-------++-------
Melee: Dagger            |    20 |       |       ||    20
       Bite              |     7 |     4 |     1 ||    12
       Short sword       |    47 |       |       ||    47
       Falchion          |    23 |     6 |       ||    29
       Club              |       |    75 |    19 ||    94
 Fire: Hand crossbow     |    43 |     8 |       ||    51
 Cast: Corona            |     2 |       |       ||     2
       Slow              |     2 |     3 |       ||     5
       Inner Flame       |     2 |     2 |       ||     4
  Use: Scroll            |       |     4 |     2 ||     6
 Stab: Sleeping          |       |     2 |       ||     2
Armor: Robe              |    19 |    16 |     1 ||    36
Dodge: Dodged            |    70 |    57 |    10 ||   137
       Rpst.: Falchion   |     1 |       |       ||     1

Table legend: (Time is in decaauts)
 A = Elapsed time spent in this place.
 B = Non-inter-level travel time spent in this place.
 C = Inter-level travel time spent in this place.
 D = Time resting spent in this place.
 E = Time spent auto-exploring this place.
 F = Levels seen in this place.
 G = Mean time per level.
                   A        B        C        D        E       F      G
               +--------+--------+--------+--------+--------+-----+--------+
         Total |   4359 |   4118 |    241 |   1128 |   1864 |   4 | 1089.8 |
       Dungeon |   4359 |   4118 |    241 |   1128 |   1864 |   4 | 1089.8 |
               +--------+--------+--------+--------+--------+-----+--------+

Top non-repeatable levels by time:
     D:1: 1494 daAuts
     D:2: 1384 daAuts
     D:3: 1102 daAuts
     D:4: 377 daAuts
